 Dungeon Crawl Stone Soup version 0.27.1 (webtiles) character file.

Game seed: 4271065638764409743

93963 HaiZhung the Eclecticist (level 16, -4/90 HPs)
             Began as a Djinni Fire Elementalist on Aug 16, 2021.
             Was the Champion of Elyvilon.
             Killed from afar by a deep elf zephyrmancer (30 damage)
             ... with a bolt of lightning
             ... on level 1 of the Elven Halls on Aug 26, 2021.
             The game lasted 03:33:27 (20536 turns).

HaiZhung the Eclecticist (DjFE)                    Turns: 20536, Time: 03:33:34

Health: -4/90      AC: 12    Str:  6      XL:     16   Next: 58%
Gold:   2504       EV: 19    Int: 30 (31) God:    Elyvilon [******] SH:  6 Dex: 20

rFire    + + +     SeeInvis .   b - staff of cold
rCold    + + .     Faith    .   d - +0 buckler {reflect}
rNeg     + . .     Spirit   .   x - +3 leather armour {Will+}
rPois    ∞         Reflect  +   y - +2 helmet {Int+3}
rElec    .         Harm     .   z - scarf {repulsion}
rCorr    .         Rampage  .   B - +1 pair of gloves {Stlth+}
Will     +++..                  (boots unavailable)
Stlth    +++.......             e - amulet of regeneration
HPRegen  1.25/turn              E - ring of Netox {rC++ rN+ Str-5 Int+4 Dex+6}
MPRegen  0.00/turn              f - ring "Rajesua" {rPois rF+ Will+ Str+4}

@: radiating poison, flying, repel missiles
A: sickness immunity, fire resistance 2, cold vulnerability 1, float, innate
caster, hp casting, extra vitality 1, deterioration 1
a: Renounce Religion, Lesser Healing, Heal Other, Purification, Greater Healing,
Divine Vigour, Divine Protection


You were on level 1 of the Elven Halls.
You worshipped Elyvilon.
Elyvilon was exalted by your worship.
You visited 6 branches of the dungeon, and saw 25 of its levels.
You also visited: Sewer, Ossuary and Bailey.

You collected 4491 gold pieces.
You spent 1987 gold pieces at shops.

Inventory:

Hand Weapons
 M - the +2 great mace of Stained Exoneration {freeze, rElec MP+9 Str+3 Int+2}
   (You took it off a two-headed ogre on level 1 of the Orcish Mines)

   It freezes those it strikes, dealing additional cold damage.
   It can also slow down cold-blooded creatures.
   Str:       It affects your strength (+3).
   Int:       It affects your intelligence (+2).
   rElec:     It insulates you from electricity.
   MP:        It affects your magic capacity (+9).
 N - a +3 long sword of holy wrath
Armour
 d - a +0 buckler of reflection (worn)
 i - a +2 ring mail of cold resistance
 l - the +2 leather armour "Uzeichux" {Contam Rampage rElec rF+++}
   (You found it on level 6 of the Lair of Beasts)

   rF:        It renders you almost immune to fire.
   rElec:     It insulates you from electricity.
   Contam:    It causes magical contamination when unequipped.
   Rampage:   It bestows one free step when moving towards enemies.
 q - a +1 robe of positive energy
 x - a +3 leather armour of willpower (worn)
 y - a +2 helmet of intelligence (worn)
 z - a scarf of repulsion (worn)
 B - a +1 pair of gloves of stealth (worn)
 S - +1 steam dragon scales
 T - a +2 tower shield of cold resistance
Magical Staves
 b - a staff of cold (weapon)
Jewellery
 e - an amulet of regeneration (around neck)
 f - the ring "Rajesua" (right hand) {rPois rF+ Will+ Str+4}
   (You acquired it on level 5 of the Dungeon)

   [ring of protection from fire]

   Str:       It affects your strength (+4).
   rF:        It protects you from fire.
   rPois:     It protects you from poison.
   Will:      It increases your willpower.
 n - a ring of willpower
 E - the ring of Netox (left hand) {rC++ rN+ Str-5 Int+4 Dex+6}
   (You acquired it on level 8 of the Dungeon)

   [ring of dexterity]

   Str:       It affects your strength (-5).
   Int:       It affects your intelligence (+4).
   Dex:       It affects your dexterity (+6).
   rC:        It greatly protects you from cold.
   rN:        It protects you from negative energy.
 O - a ring of resist corrosion
 Z - a ring of positive energy
Wands
 m - a wand of charming (12)
 t - a wand of polymorph (6)
 C - a wand of paralysis (22)
 H - a wand of iceblast (25)
 J - a wand of acid (7)
 X - a wand of mindburst (16)
 Y - a wand of digging (3)
Scrolls
 a - 2 scrolls of fog
 j - 6 scrolls of teleportation
 v - 6 scrolls of enchant weapon
 D - 2 scrolls of enchant armour
 I - a scroll of magic mapping
 K - a scroll of fear
 L - a scroll of summoning
 P - a scroll of blinking
 Q - a scroll of brand weapon
 U - a scroll of silence
 V - a scroll of holy word
Potions
 c - 3 potions of ambrosia
 g - a potion of brilliance
 h - 7 potions of mutation
 k - 2 potions of lignification
 o - 7 potions of curing
 p - 9 potions of heal wounds
 r - a potion of berserk rage
 s - 7 potions of haste
 u - 6 potions of might
 w - 3 potions of invisibility
 A - a potion of resistance {unknown}
 F - 4 potions of cancellation
Miscellaneous
 G - a lightning rod (4/4)
 W - a phantom mirror


   Skills:
 - Level 5.6 Armour
 + Level 12.1 Dodging
 - Level 1.5 Stealth
 - Level 4.0 Shields
 * Level 16.7 Spellcasting
 - Level 11.6 Invocations


You had 7 spell levels left.
You knew the following spells:

 Your Spells              Type           Power      Damage    Failure   Level
a - Foxfire               Conj/Fire      100%       2x1d9     0%          1
b - Conjure Flame         Conj/Fire      90%        6-21      0%          3
c - Inner Flame           Hex/Fire       90%        N/A       0%          3
d - Sticky Flame          Conj/Fire      90%        2d10      1%          4
e - Fireball              Conj/Fire      45%        3d18      1%          5
f - Pain                  Necr           100%       1d9       0%          1
g - Ensorcelled Hibernat  Hex/Ice        100%       N/A       0%          2
h - Spider Form           Tmut/Pois      45%        N/A       0%          3
i - Olgreb's Toxic Radia  Pois           90%        N/A       1%          4
j - Fulminant Prism       Conj/Hex       45%        3d21      1%          4
k - Yara's Violent Unrav  Hex/Tmut       45%        3d18      1%          5
l - Invisibility          Hex            45%        N/A       1%          6
Your spell library was empty.

Dungeon Overview and Level Annotations

Branches:
Dungeon (14/15)            Temple (1/1) D:4            Lair (6/6) D:8
  Slime (1/5) Lair:5          Orc (2/2) D:11            Elf (1/3) Orc:2
 Vaults (0/5) D:14          Sewer (visited)         Ossuary (visited)
 Bailey (visited)
  Swamp: Lair:2-4    Shoals: Lair:2-4     Snake: Lair:2-4    Spider: Lair:2-4

Altars:
Dithmenos
Elyvilon
Hepliaklqana
Kikubaaqudgha
Nemelex Xobeh
Qazlal
Wu Jian
Yredelemnul
The Shining One
Jiyva

Shops:
D:1 :   D:2 [*:   D:3 *   D:5 [   Orc:2 ![(=[(   Elf:1 :

Portals:
Trove: D:12 (give +2 gold dragon scales)

Annotations:
D:3 Sigmund
D:6 1 runed translucent door, wheals's ghost, novice PaAK
D:8 1 runed translucent door, szymon's ghost, novice GnCj


Innate Abilities, Weirdness & Mutations

You are immune to sickness and miasma.
You are immune to poison.
Your flesh is very heat resistant. (rF++)
You are vulnerable to cold. (rC-)
You float through the air rather than walking.
You learn spells naturally, not from books.
Your magical power is your life essence.
You have superior vitality. (+4 HP)
Your body sometimes deteriorates upon taking damage.


Message History

HP restored.
You start waiting.
Your magical contamination has completely faded away.
Things that are here:
a +0 rapier; an elf corpse A deep elf zephyrmancer is nearby!
Casting: Fireball (safe; 1% risk of failure)
Confirm with . or Enter, or press ? or * to list all spells.
You begin to radiate toxic energy.
The deep elf zephyrmancer shouts!
The deep elf zephyrmancer is poisoned.
The deep elf zephyrmancer looks even sicker.
Unknown command.
Casting: Olgreb's Toxic Radiance (safe; 1% risk of failure)
Confirm with . or Enter, or press ? or * to list all spells.
Aiming: Fireball (safe; 1% risk of failure)
Press: ? - help, Shift-Dir - straight line, f - deep elf zephyrmancer
Aim: a deep elf zephyrmancer, wielding a +0 dagger and wearing a +0 ring mail (lightly wounded, very poisoned)
The fireball explodes!
The fireball engulfs the deep elf zephyrmancer!
The deep elf zephyrmancer is moderately wounded.
The deep elf zephyrmancer looks even sicker.
You hear a shout!
The deep elf zephyrmancer points at you and mumbles some strange words.
The bolt of lightning hits you!! x2
Your body deteriorates!
You feel dopey.
Casting: Fireball (safe; 1% risk of failure)
Confirm with . or Enter, or press ? or * to list all spells.
Aiming: Fireball (safe; 1% risk of failure)
Press: ? - help, Shift-Dir - straight line, f/p - deep elf zephyrmancer
Aim: a deep elf zephyrmancer, wielding a +0 dagger and wearing a +0 ring mail (heavily wounded, very poisoned)
The fireball explodes!
The fireball engulfs the deep elf zephyrmancer!
The deep elf zephyrmancer is almost dead.
* * * LOW HITPOINT WARNING * * *
The deep elf zephyrmancer points at you and mumbles some strange words.
The bolt of lightning hits you!! Elyvilon protects you from harm!
The bolt of lightning hits you!!
You die...

## ... #.# .#. .#.##
######## .. #.###@##
#......# .. .#...#.##
#.####.# .#
.##...##.###.####.#
.###...#...#........##.#
##....#..###.#####.#.##.#
##..# #e# #.# #.#.##.# #
##.#.## #.##.# #......#
###.###.# #.### ###.####
.#.## #.###.####### ##.##


You could see a deep elf zephyrmancer (very poisoned).

Vanquished Creatures
  A tengu reaver (D:13)
  An orc warlord (D:14)
  Louise (D:14)
  Nessos (Orc:2)
  Azrael (Elf:1)
  2 ettins (D:14)
  A fire dragon (Lair:6)
  The ghost of YoMomma the Basher, a journeyman GrBe of Trog (Orc:1)
  Harold (Orc:1)
  4 boulder beetles
  Erica (D:8)
  5 hydras
  A catoblepas (D:14)
  10 two-headed ogres
  3 centaur warriors (D:13)
  A dancing weapon (Elf:1)
  2 tengu warriors
  3 death yaks (Lair:6)
  An orc high priest (Orc:2)
  A deep elf knight (Elf:1)
  3 deep elf archers (Elf:1)
  2 deep trolls
  7 deep elf zephyrmancers (Elf:1)
  A lindwurm (Lair:6)
  7 deep elf pyromancers
  A phantasmal warrior (D:14)
  3 orc knights
  5 cyclopes
  2 orc sorcerers
  10 ugly things (D:14)
  A manticore (D:11)
  13 elephants
  7 black mambas
  Maurice (D:8)
  2 molten gargoyles (Lair:6)
  8 cane toads
  A gargoyle (D:12)
  A cane toad (shapeshifter) (D:13)
  3 rime drakes
  A yaktaur (D:14)
  6 komodo dragons
  A kobold demonologist (D:12)
  2 unseen horrors (D:13)
  A freezing wraith (D:13)
  Psyche (D:9)
  An efreet (D:14)
  A tengu conjurer (D:12)
  6 trolls
  A merfolk (shapeshifter) (D:14)
  3 meliai (D:14)
  A wind drake (shapeshifter) (D:13)
  3 polar bears
  A hornet (D:7)
  6 slime creatures
  10 blink frogs
  2 spriggans (Lair:5)
  5 shadows
  5 wyverns
  Eustachio (D:6)
  A yak (shapeshifter) (D:13)
  5 steam dragons
  50 yaks
  4 basilisks
  Grum (D:8)
  2 vampire mosquitoes (D:12)
  2 fire elementals (Elf:1)
  7 wargs (Orc:2)
  12 water moccasins
  4 hell hounds
  A swamp drake (Lair:1)
  43 orc warriors
  A sky beast (D:6)
  3 black bears
  3 ice beasts
  7 ogres
  2 necrophages (D:5)
  13 wolves
  17 centaurs
  8 kobold brigands
  2 phantoms
  9 bullfrogs
  3 gnoll sergeants
  6 killer bees (D:10)
  9 howler monkeys
  8 wights
  6 lava snakes
  5 centaur zombies
  10 orc priests
  A bullfrog zombie (D:6)
  2 human zombies
  A gnoll shaman (D:9)
  2 hounds (D:6)
  A centaur skeleton (D:4)
  2 bullfrog skeletons
  4 jellies
  12 orc wizards
  3 iguanas
  A scorpion zombie (D:5)
  3 killer bee zombies
  7 mummies
  3 hound zombies (D:5)
  A hound skeleton (D:5)
  A howler monkey zombie (D:8)
  10 gnolls
  A howler monkey skeleton (D:6)
  9 adders
  2 river rats
  A white imp (D:6)
  An ufetubus (D:5)
  An adder skeleton (D:5)
  4 worms (D:4)
  3 dart slugs
  78 orcs
  4 ball pythons
  8 endoplasms
  A giant cockroach (D:4)
  10 goblins
  2 hobgoblins
  2 jackals (D:2)
  2 quokkas
  5 bats
  2 frilled lizards
  2 goblin zombies
  18 kobolds
  4 kobold zombies
  2 orc zombies (Ossuary)
  11 rats
  2 foxfires (D:8)
  3 fulminant prisms
654 creatures vanquished.

Vanquished Creatures (others)
  450 foxfires
  141 fulminant prisms
  7 fungi
  30 plants
  6 toadstools (D:10)
634 creatures vanquished.

Grand Total: 1288 creatures vanquished

Notes
Turn   | Place    | Note
-------+----------+-------------------------------------------
     0 | D:1      | HaiZhung the Djinni Fire Elementalist began the quest for
                  | the Orb.
     0 | D:1      | Reached XP level 1. HP: 15/15 MP: 0/0
    82 | D:1      | Found Lofaty's Book Emporium.
   286 | D:1      | Reached XP level 2. HP: 17/21 MP: 0/0
   472 | D:1      | Reached XP level 3. HP: 13/25 MP: 0/0
   472 | D:1      | Learned a level 1 spell: Pain
   809 | D:1      | Reached skill level 3 in Spellcasting
  1555 | D:2      | Found Lalumila's Book Boutique.
  1557 | D:2      | Found Fusausio's General Store.
  1750 | D:2      | Found a white marble altar of Elyvilon.
  1766 | D:2      | Became a worshipper of Elyvilon the Healer
  1844 | D:2      | Found Xahuol's Antique Armour Shop.
  1856 | D:2      | Reached XP level 4. HP: 31/31 MP: 0/0
  2183 | D:2      | Bought a scroll of noise for 11 gold pieces
  2235 | D:3      | Reached * piety under Elyvilon
  2486 | D:3      | Found Waonowo's Assorted Antiques.
  2579 | D:3      | Noticed Sigmund
  2644 | D:4      | Noticed a phantom
  2647 | D:4      | Reached skill level 1 in Shields
  2661 | D:4      | Killed a phantom
  2662 | D:4      | Reached XP level 5. HP: 28/35 MP: 0/0
  2662 | D:4      | Learned a level 2 spell: Ensorcelled Hibernation
  2710 | D:4      | Found a staircase to the Ecumenical Temple.
  2825 | D:4      | Reached XP level 6. HP: 34/40 MP: 0/0
  2939 | D:4      | Reached ** piety under Elyvilon
  3223 | D:4      | Reached skill level 4 in Spellcasting
  3330 | D:4      | Found a glowing drain.
  3335 | Sewer    | Entered a sewer
  3427 | Sewer    | Reached XP level 7. HP: 45/45 MP: 0/0
  3427 | Sewer    | Learned a level 3 spell: Spider Form
  3450 | Sewer    | Found a glowing silver altar of Zin.
  3705 | D:5      | Entered Level 5 of the Dungeon
  3710 | D:5      | Found a shadowy altar of Dithmenos.
  3752 | D:5      | Found Xibat's Armour Emporium.
  3908 | D:5      | Reached skill level 5 in Spellcasting
  4077 | D:5      | Reached XP level 8. HP: 39/50 MP: 0/0
  4098 | D:5      | Reached skill level 6 in Spellcasting
  4289 | D:5      | Bought a +1 robe of positive energy for 116 gold pieces
  4668 | D:5      | Reached *** piety under Elyvilon
  4733 | D:5      | Identified a scroll of acquirement
  4733 | D:5      | Acquired the ring "Rajesua" {rPois rF+ Will+ Str+4}
  4737 | D:6      | Noticed Eustachio
  4813 | D:6      | Reached skill level 7 in Spellcasting
  4892 | D:6      | Found a sand-covered staircase.
  4898 | Ossuary  | Entered an ossuary
  5128 | D:6      | Acquired 1172 gold pieces
  5144 | D:6      | Reached XP level 9. HP: 46/55 MP: 0/0
  5144 | D:6      | Learned a level 4 spell: Olgreb's Toxic Radiance
  5155 | D:6      | Killed Eustachio
  5156 | D:6      | Reached skill level 8 in Spellcasting
  5356 | D:6      | Found a runed translucent door.
  5361 | D:6      | Noticed wheals's ghost (novice PaAK)
  5361 | D:6      | Noticed a troll
  5626 | D:6      | Reached skill level 9 in Spellcasting
  5907 | D:5      | Bought a +3 leather armour of willpower for 288 gold pieces
  5988 | D:3      | Bought a runed helmet for 165 gold pieces
  5988 | D:3      | Bought a scroll of identify for 44 gold pieces
  5988 | D:3      | Bought a scroll of identify for 44 gold pieces
  6072 | D:2      | Bought a pair of gloves for 126 gold pieces
  6130 | D:2      | Bought a scroll of enchant armour for 82 gold pieces
  6130 | D:2      | Bought 2 potions of mutation for 176 gold pieces
  6130 | D:2      | Bought a scroll of enchant weapon for 82 gold pieces
  6173 | D:3      | Bought a cyan potion for 19 gold pieces
  6173 | D:3      | Bought a scroll labelled VESCHIS UPTU for 22 gold pieces
  6173 | D:3      | Bought a glowing blue potion for 19 gold pieces
  6173 | D:3      | Bought a copper wand for 88 gold pieces
  6228 | Temple   | Entered the Ecumenical Temple
  6438 | D:7      | Noticed a hornet
  6445 | D:7      | Killed a hornet
  6446 | D:7      | Reached XP level 10. HP: 43/60 MP: 0/0
  6463 | D:7      | Reached skill level 10 in Spellcasting
  6494 | D:7      | Reached **** piety under Elyvilon
  6649 | D:7      | Found a white marble altar of Elyvilon.
  6735 | D:7      | Found a sparkling altar of Nemelex Xobeh.
  7147 | D:8      | Reached skill level 1 in Armour
  7180 | D:8      | Noticed Maurice
  7194 | D:8      | Killed Maurice
  7371 | D:8      | Noticed Erica
  7405 | D:8      | Killed Erica
  7407 | D:8      | Reached skill level 11 in Spellcasting
  7413 | D:8      | Noticed Grum
  7501 | D:8      | Reached XP level 11. HP: 50/65 MP: 0/0
  7501 | D:8      | Learned a level 4 spell: Fulminant Prism
  7501 | D:8      | Upgraded the game from 0.27.0-1-g7a089689b8 to
                  | 0.27.0-65-ge2af304b15
  7554 | D:8      | Acquired the ring of Netox {rC++ rN+ Str-5 Int+4 Dex+6}
  7664 | D:8      | Reached skill level 5 in Armour
  7668 | D:8      | Killed Grum
  7854 | D:8      | Found a staircase to the Lair.
  7971 | D:8      | Found a runed translucent door.
  7973 | D:8      | Noticed szymon's ghost (novice GnCj)
  8181 | Lair:1   | Entered Level 1 of the Lair of Beasts
  8227 | Lair:1   | Reached ***** piety under Elyvilon
  8268 | Lair:1   | Noticed a five-headed hydra
  8270 | Lair:1   | Reached skill level 1 in Invocations
  8275 | Lair:1   | Killed a five-headed hydra
  8833 | Lair:2   | Reached skill level 5 in Invocations
  9026 | Lair:2   | Reached skill level 12 in Spellcasting
  9195 | Lair:2   | Reached XP level 12. HP: 60/70 MP: 0/0
  9213 | Lair:3   | Noticed a five-headed hydra
  9220 | Lair:3   | Killed a five-headed hydra
  9496 | Lair:3   | Reached ****** piety under Elyvilon
  9587 | Lair:3   | You are sucked into a shaft and drop 3 floors!
  9587 | Lair:6   | Entered Level 6 of the Lair of Beasts
  9716 | Lair:6   | Noticed a seven-headed hydra
  9721 | Lair:6   | Killed a seven-headed hydra
  9809 | Lair:5   | Noticed a five-headed hydra
  9814 | Lair:5   | Killed a five-headed hydra
  9815 | Lair:5   | Reached skill level 13 in Spellcasting
  9815 | Lair:5   | Reached XP level 13. HP: 60/75 MP: 0/0
  9815 | Lair:5   | Learned a level 5 spell: Yara's Violent Unravelling
  9985 | Lair:5   | Reached skill level 10 in Invocations
 10198 | Lair:5   | Found a runed translucent door.
 10199 | Lair:5   | Found a viscous altar of Jiyva.
 10202 | Lair:5   | Found a staircase to the Slime Pits.
 10789 | Lair:6   | Upgraded the game from 0.27.0-65-ge2af304b15 to 0.27.1
 10798 | Lair:6   | Noticed a boulder beetle
 10805 | Lair:6   | Killed a boulder beetle
 11032 | Lair:6   | Identified the +2 leather armour "Uzeichux" {Contam Rampage
                  | rElec rF+++}
 11138 | Lair:6   | Reached XP level 14. HP: 71/80 MP: 0/0
 11239 | Lair:6   | Reached skill level 14 in Spellcasting
 11469 | Lair:6   | Found a large runed translucent door.
 11469 | Lair:6   | Found a large runed translucent door.
 12126 | Slime:1  | Entered Level 1 of the Pits of Slime
 12129 | Slime:1  | Noticed an acid blob
 12312 | D:9      | Reached skill level 5 in Dodging
 12678 | D:9      | Noticed Psyche
 12681 | D:9      | Killed Psyche
 13161 | D:10     | Entered Level 10 of the Dungeon
 13261 | D:10     | Found a glowing golden altar of the Shining One.
 13269 | D:10     | Found a hazy altar of Hepliaklqana.
 13279 | D:10     | Found a basalt altar of Yredelemnul.
 13339 | D:10     | Found an ornate altar of the Wu Jian Council.
 13440 | D:10     | Found a stormy altar of Qazlal.
 13935 | D:11     | Found a flagged portal.
 13941 | Bailey   | Entered a bailey
 14438 | D:11     | Found a staircase to the Orcish Mines.
 15150 | D:12     | Found a portal to a secret trove of treasure.
 16150 | D:13     | Noticed a tengu reaver
 16164 | D:13     | Killed a tengu reaver
 16165 | D:13     | Reached XP level 15. HP: 47/85 MP: 0/0
 16165 | D:13     | Learned a level 6 spell: Invisibility
 16167 | D:13     | Reached skill level 15 in Spellcasting
 17330 | D:14     | Found a glowing golden altar of the Shining One.
 17367 | D:14     | Noticed Louise
 17374 | D:14     | Reached skill level 10 in Dodging
 17390 | D:14     | Killed Louise
 17668 | D:14     | Noticed an orc warlord
 17674 | D:14     | Killed an orc warlord
 17904 | D:14     | Found a gate to the Vaults.
 18033 | Orc:1    | Entered Level 1 of the Orcish Mines
 18038 | Orc:1    | Noticed Harold
 18043 | Orc:1    | Killed Harold
 18160 | Orc:1    | Found a transporter.
 18161 | Orc:1    | Noticed YoMomma's ghost (journeyman GrBe)
 18165 | Orc:1    | Identified the +8 great mace "Ziat" {flame, rF+ Str+6
                  | Int+4}
 18165 | Orc:1    | Identified the +2 great mace of Stained Exoneration
                  | {freeze, rElec MP+9 Str+3 Int+2}
 18286 | Orc:1    | Found a transporter.
 18634 | Orc:1    | Reached skill level 16 in Spellcasting
 18637 | Orc:1    | Killed YoMomma's ghost
 18638 | Orc:1    | Reached XP level 16. HP: 56/90 MP: 0/0
 18723 | Orc:2    | Entered Level 2 of the Orcish Mines
 19079 | Orc:2    | Found Filon's Weapon Shoppe.
 19095 | Orc:2    | Found Ecoahut's Armour Shoppe.
 19252 | Orc:2    | Noticed Nessos
 19262 | Orc:2    | Killed Nessos
 19497 | Orc:2    | Found Juagoon's Armour Boutique.
 19497 | Orc:2    | Found Jaxamn's Weapon Emporium.
 19497 | Orc:2    | Found Wuclitoh's Jewellery Shoppe.
 19501 | Orc:2    | Found Ixenoguo's Distillery.
 19515 | Orc:2    | Bought a +1 pair of gloves of stealth for 181 gold pieces
 19536 | Orc:2    | Bought a scarf of repulsion for 132 gold pieces
 19549 | Orc:2    | Bought a potion of cancellation for 112 gold pieces
 19549 | Orc:2    | Bought a potion of haste for 140 gold pieces
 19549 | Orc:2    | Bought a potion of heal wounds for 70 gold pieces
 19549 | Orc:2    | Bought a potion of heal wounds for 70 gold pieces
 19725 | Orc:2    | Found a staircase to the Elven Halls.
 20008 | Elf:1    | Entered Level 1 of the Elven Halls
 20211 | Elf:1    | Found Cakh's Book Shoppe.
 20251 | Elf:1    | Noticed Azrael
 20261 | Elf:1    | Killed Azrael
 20272 | Elf:1    | Elyvilon protects you from harm!
 20368 | Elf:1    | Gained mutation: Your body sometimes deteriorates upon
                  | taking damage. [mutagenic glow]
 20536 | Elf:1    | Elyvilon protects you from harm!
 20536 | Elf:1    | Killed from afar by a deep elf zephyrmancer

Illustrated notes

Levels and vault maps discovered:
D:1:      zaba_arrival_water, layout_loops_corners, serial_shops, shop
D:2:      minmay_skewed_foursquare, layout_basic, basic_altar, serial_shops,
          nicolae_shop_trees, shop, nicolae_shop_waterfront
D:3:      layout_basic, serial_shops, nicolae_shop_overgrown_old_shop,
          minmay_misc_feat_plants, uniq_sigmund
D:4:      layout_basic, minmay_temple_entry_slanted, lightli_sewer_entry_pipes
D:5:      layout_loops_ring, nicolae_dithmenos_the_darkroom,
          lemuel_mausoleum_altar_kikubaaqudgha, nicolae_inconvenience_store
D:6:      layout_loops_ring, nicolae_ossuary_entry_giza,
          ebering_ghost_inner_flame, uniq_eustachio
D:7:      layout_loops_cross, nemelex_diamond_rough_becter, elyvilon_altar_3,
          serial_park_tiny_2, minmay_diced_spiral
D:8:      layout_layer_cave, david_lair_generic, ebering_ghost_reflecting_pool,
          uniq_maurice, uniq_erica, uniq_grum
D:9:      layout_roguey, uniq_psyche
D:10:     layout_irregular_city, nicolae_qazlal_style_of_elements,
          grunt_temple_overflow_diamond, pdpol_wu_jian_five_deadly_venoms,
          minmay_gold_behind_fungi, minmay_misc_feat_ornament
D:11:     layout_irregular_city, kennysheep_orc_monster_closet_entryway,
          enter_bailey_3, lightli_minifort
D:12:     layout_rooms, enter_trove_0
D:13:     hourglass_vault, layout_loops_ring
D:14:     layout_long_grid, david_vaults_4, nicolae_tso_carved_into_rock,
          drop_trap, dk_noncrumbling_3, small_statue_intersection,
          hellmonk_guarded_unrand_dark_maul, uniq_louise
Temple:   nicolae_temple_figure_eight
Lair:1:   wad_woods_structure_01, layout_cave_shapes, hibernation_bobbens
Lair:2:   layout_long_grid
Lair:3:   layout_gridlike, ebering_ghost_reflecting_pool,
          infiniplex_staircase_pool_2, grunt_megastairs_4, uniq_sonja
Lair:4:   layout_regular_city, shoals_dummy_entry, spider_nest_entry_webs,
          basic_altar, beast_lair_carwin_5
Lair:5:   layout_big_grid, slime_altar_2, forest_entry_grove, lemuel_fruit_tree,
          infiniplex_staircase_pool
Lair:6:   cheibrodos_lair_end_hotspot, layout_hall_layers
Slime:1:  layout_caves, nicolae_slime_barrier
Orc:1:    layout_caves, gammafunk_ghost_smash, uniq_harold
Orc:2:    st_orc_rangers, layout_caves, guppyfry_orc_lava_fort, uniq_nessos
Elf:1:    layout_loops_cross, serial_shops, shop_statue, shop, shop,
          minmay_elf_annihilation, uniq_azrael

Skill      XL: |  1  2  3  4  5  6  7  8  9 10 11 12 13 14 15 16 |
---------------+-------------------------------------------------+-----
Spellcasting   | 3 4 5 7 9 11 12 13 14 16 | 16.7
Dodging        | 3 8 11 12 | 12.1
Shields        | 2 3 4 |  4.0
Armour         | 4 5 |  5.6
Invocations    | 5 9 11 | 11.6
Stealth        | |  1.5

Action                   |  1- 3 |  4- 6 |  7- 9 | 10-12 | 13-15 | 16-18 || total
-------------------------+-------+-------+-------+-------+-------+-------++-------
Melee: Dagger            |     4 |     5 |     5 |     1 |       |       ||    15
       Unarmed           |       |       |   120 |       |     5 |       ||   125
       Flail             |       |       |       |     2 |       |       ||     2
       Falchion          |       |       |       |       |     8 |       ||     8
       Staff             |       |       |       |       |     3 |       ||     3
 Cast: Foxfire           |    57 |    96 |   128 |    15 |     5 |     1 ||   302
       Conjure Flame     |       |     1 |     6 |     6 |     5 |     1 ||    19
       Inner Flame       |       |    10 |     7 |    26 |    65 |     5 ||   113
       Sticky Flame      |       |     1 |    30 |    18 |    29 |     7 ||    85
       Spider Form       |       |       |    10 |     2 |     1 |       ||    13
       Fireball          |       |       |    20 |   117 |   231 |    77 ||   445
       Ensorcelled Hiber |       |       |     1 |       |     1 |       ||     2
       Olgreb's Toxic Ra |       |       |     7 |     5 |    39 |    42 ||    93
       Fulminant Prism   |       |       |       |    29 |   102 |    14 ||   145
       Yara's Violent Un |       |       |       |       |    11 |     2 ||    13
       Invisibility      |       |       |       |       |       |     2 ||     2
Invok: Greater Healing   |       |       |       |     1 |     3 |     2 ||     6
       Divine Vigour     |       |       |       |       |     1 |     1 ||     2
Evoke: Lightning rod     |       |       |       |       |     4 |       ||     4
       Wand              |       |       |       |       |     1 |       ||     1
  Use: Scroll            |     1 |     3 |    10 |     5 |    10 |     1 ||    30
 Stab: Sleeping          |     1 |       |     2 |       |       |       ||     3
Armor: Robe              |     2 |     9 |     8 |       |       |       ||    19
       Skin              |       |       |     7 |       |       |       ||     7
       Leather armour    |       |       |       |    12 |    23 |     9 ||    44
Dodge: Dodged            |    12 |    38 |   161 |    18 |    44 |    50 ||   323
Block: Buckler           |       |    16 |    13 |     8 |    22 |    13 ||    72
       Reflection        |       |       |       |       |     1 |    12 ||    13
       Rpst.: Falchion   |       |       |       |       |     5 |       ||     5
